[Event "*** Titled Tuesday Blitz"]
[Site "Chess.com"]
[Date "2021.02.02"]
[Round "7"]
[White "Piotrek1979"]
[Black "CoachHakia"]
[Result "1-0"]
[WhiteElo "2335"]
[BlackElo "2156"]
[TimeControl "180+1"]
[EndTime "11:16:27 PST"]
[Termination "Piotrek1979 won by resignation"]

1. e4 d5 2. exd5 Qxd5 3. Nc3 Qd6 4. d4 Nf6 5. Nf3 g6 6. g3 Bg7 7. Bg2 a6 8. O-O b5 9. Bf4 Qb6 10. a4 b4 11. a5 Qa7 12. Na4 Nbd7 13. Ne5 Bb7 14. Nc6 Bxc6 15. Bxc6 Rd8 16. Re1 e6 17. d5 O-O 18. dxe6 fxe6 19. Qe2 e5 20. Be3 Qb8 21.
Qxa6 Ng4 22. Qc4+ 1-0

[Event "*** Titled Tuesday Blitz"]
[Site "Chess.com"]
[Date "2021.02.02"]
[Round "7"]
[White "Savagelittlemole"]
[Black "MikeSailer"]
[Result "1-0"]
[WhiteElo "2461"]
[BlackElo "2198"]
[TimeControl "180+1"]
[EndTime "11:16:29 PST"]
[Termination "Savagelittlemole won by resignation"]

1. e4 d5 2. exd5 Qxd5 3. Nc3 Qd6 4. g3 c6 5. Bg2 Nf6 6. d4 Bf5 7. Bf4 Qd8 8. Nf3 e6 9. O-O Be7 10. Ne5 h6 11. Ne2 O-O 12. c4 Nbd7 13. Nc3 Nxe5 14. Bxe5 Nd7 15. Bf4 Bg5 16. Bxg5 Qxg5 17. d5 cxd5 18.
cxd5 exd5 19. Nxd5 Nc5 20. Qd4 Ne6 21. Qe5 Bd3 22.
Qxg5 hxg5 23. Rfd1 Ba6 24. Bh3 Rfd8 25. Rac1 Rac8 26.
Ne7+ Kf8 27. Nxc8 1-0

[Event "*** Titled Tuesday Blitz"]
[Site "Chess.com"]
[Date "2021.02.02"]
[Round "7"]
[White "LenkaPtacnikova"]
[Black "queen_iryna"]
[Result "0-1"]
[WhiteElo "2124"]
[BlackElo "2327"]
[TimeControl "180+1"]
[EndTime "11:16:32 PST"]
[Termination "queen_iryna won by resignation"]

1. c4 d6 2. g3 g6 3. Bg2 Bg7 4. Nc3 Nc6 5. e4 e5 6. Nge2 f5 7. d3 Nf6 8. O-O O-O 9. Nd5 Nh5 10. Rb1 f4 11. gxf4 exf4 12. Nexf4 Nxf4 13. Bxf4 Nd4 14. Bg3 h5 15. h4 Bg4 16. f3 Be6 17. Nf4 Be5 18.
Nxe6 Nxe6 19. Qe1 Nf4 20. Kh2 Nxd3 21. Bxe5 0-1

[Event "*** Titled Tuesday Blitz"]
[Site "Chess.com"]
[Date "2021.02.02"]
[Round "7"]
[White "DanilNajdin"]
[Black "Matols"]
[Result "1-0"]
[WhiteElo "2461"]
[BlackElo "2275"]
[TimeControl "180+1"]
[EndTime "11:16:39 PST"]
[Termination "DanilNajdin won by resignation"]

1. e4 e6 2. d4 d5 3. Nd2 c5 4. exd5 Qxd5 5. Ngf3 cxd4 6. Bc4 Qd6 7. O-O Nf6 8. Nb3 Nc6 9. Re1 a6 10. Nbxd4 Nxd4 11. Qxd4 Qxd4 12. Nxd4 Bc5 13. Nb3 Ba7 14. Be3 Bxe3 15.
Rxe3 b5 16. Be2 Bb7 17. a4 b4 18. Nc5 Bd5 19. Nxa6 Kd7 20. Nxb4 Rhb8 21. Bb5+ Kd6 22.
Rd1 Kc5 23. c3 Bb3 24. Rd4 Rxb5 25. Nd3+ Kb6 26. axb5 Nd5 27. Re1 Kxb5 28. Nf4 Ra2 29. Nxd5 Bxd5 30. Rb4+ Kc5 31. h4 f6 32. h5 g6 33. h6 1-0

[Event "*** Titled Tuesday Blitz"]
[Site "Chess.com"]
[Date "2021.02.02"]
[Round "7"]
[White "Shahaliyev"]
[Black "Machidon"]
[Result "1/2-1/2"]
[WhiteElo "2732"]
[BlackElo "2564"]
[TimeControl "180+1"]
[EndTime "11:16:40 PST"]
[Termination "Game drawn by agreement"]

1. e4 c6 2. d3 d5 3. Nd2 e5 4. Ngf3 Bd6 5. b3 Nf6 6. Bb2 Qe7 7. Be2 O-O 8. O-O a5 9. a3 Re8 10. c4 dxe4 11. Nxe4 Nxe4 12. dxe4 Bg4 13. Ne1 Bxe2 14. Qxe2 Na6 15. Nd3 Nc5 16. Nxc5 Bxc5 17. Rfd1 Red8 18.
a4 f6 19. g3 Rxd1+ 20. Rxd1 Rd8 21. Bc3 b6 22. Kg2 Rd6 23. Rxd6 Qxd6 24. Qg4 h6 25. Qc8+ Kh7 26. Qf5+ Kg8 27. Qc8+ Kh7 28. h4 Qd3 29. Qf5+ g6 30. Qf3 Qxf3+ 31. Kxf3 h5 32. Ke2 Kg7 33. Bd2 1/2-1/2

[Event "*** Titled Tuesday Blitz"]
[Site "Chess.com"]
[Date "2021.02.02"]
[Round "7"]
[White "VladimirBugayev"]
[Black "banane_verte"]
[Result "1-0"]
[WhiteElo "2262"]
[BlackElo "2426"]
[TimeControl "180+1"]
[EndTime "11:16:41 PST"]
[Termination "VladimirBugayev won by checkmate"]

1. e4 d5 2. exd5 Qxd5 3. Nf3 Bg4 4. Be2 Nc6 5. h3 Bxf3 6. Bxf3 Qd7 7. O-O O-O-O 8. d3 e5 9. Nc3 f5 10. Re1 Bd6 11. Nb5 Kb8 12. Be3 a6 13. Nxd6 Qxd6 14.
Bxc6 Qxc6 15. f3 Nf6 16. Bf2 e4 17. fxe4 fxe4 18. d4 Rhe8 19. c3 Nd5 20. Be3 Qg6 21. Qd2 h6 22. Rf1 Rf8 23. Rxf8 Rxf8 24. Re1 Rf1+ 25.
Rxf1 Qg3 26. Bf4 Qh4 27. c4 Nf6 28. Be5 Nh5 29. Qf2 Qg5 30. Qf8+ Ka7 31. Qc5+ b6 32.
Qxc7+ Ka8 33. Qb8# 1-0

[Event "*** Titled Tuesday Blitz"]
[Site "Chess.com"]
[Date "2021.02.02"]
[Round "7"]
[White "PavelShkapenko"]
[Black "KononenkoD"]
[Result "1-0"]
[WhiteElo "2728"]
[BlackElo "2530"]
[TimeControl "180+1"]
[EndTime "11:16:48 PST"]
[Termination "PavelShkapenko won by resignation"]

1. e4 c6 2. d4 d5 3. e5 Bf5 4. h4 h5 5. Bd3 Bxd3 6. Qxd3 e6 7.
Bg5 Qa5+ 8. Nd2 Qa6 9. c4 Bb4 10.
b3 Bxd2+ 11. Bxd2 Ne7 12. Ne2 Nf5 13. Ng3 Nxg3 14. fxg3 c5 15. O-O cxd4 16. Qf3 O-O 17. cxd5 d3 18. Kh2 Qb5 19. dxe6 Qxe5 20. exf7+ Kh7 21.
Rae1 Qb5 22. a4 1-0

[Event "*** Titled Tuesday Blitz"]
[Site "Chess.com"]
[Date "2021.02.02"]
[Round "7"]
[White "jefferyx"]
[Black "Onischuk_V"]
[Result "1-0"]
[WhiteElo "2972"]
[BlackElo "2822"]
[TimeControl "180+1"]
[EndTime "11:16:52 PST"]
[Termination "jefferyx won by resignation"]

1. e4 d6 2. d4 Nf6 3. Nc3 g6 4. Be3 c6 5. Qd2 Nbd7 6. f3 h6 7. O-O-O b5 8. h4 b4 9. Nce2 Qa5 10. Kb1 Nb6 11. Nc1 Be6 12. a3 Rb8 13. axb4 Qa4 14. b3 Qa3 15. d5 Bg7 16. Bd4 cxd5 17. e5 Nc4 18. Bxc4 dxc4 19. exf6 Bxf6 20. Bxf6 exf6 21. Qxd6 Rc8 22. b5 Qxd6 23. Rxd6 Ke7 24. Ra6 Rhd8 25. Nge2 Rd2 26. Re1 Kf8 27. Rc6 Re8 28. Nf4 cxb3 29. Nxe6+ 1-0

[Event "*** Titled Tuesday Blitz"]
[Site "Chess.com"]
[Date "2021.02.02"]
[Round "7"]
[White "MPGM"]
[Black "eljanov"]
[Result "0-1"]
[WhiteElo "2593"]
[BlackElo "2879"]
[TimeControl "180+1"]
[EndTime "11:16:54 PST"]
[Termination "eljanov won by resignation"]

1. c4 Nf6 2. Nc3 e5 3. g3 Bb4 4. Bg2 O-O 5. Nf3 e4 6. Nd4 Re8 7. O-O Nc6 8. Nc2 Bxc3 9. bxc3 d5 10. cxd5 Qxd5 11. d3 Qh5 12. dxe4 Nxe4 13. Bb2 Bh3 14. Ne3 Rad8 15. Qc2 Bxg2 16. Kxg2 Rd2 17. Qb3 Qxe2 18. Rae1 Qh5 19. Bc1 Ng5 20. h4 Qf3+ 21. Kg1 Rxf2 22.
Rxf2 Nh3+ 23. Kh2 Qxf2+ 24. Kxh3 Qxe1 25. Qxb7 Qxc1 26. Qxc6 Qxe3 0-1

[Event "*** Titled Tuesday Blitz"]
[Site "Chess.com"]
[Date "2021.02.02"]
[Round "7"]
[White "Gabrielian_Artur"]
[Black "TokChess"]
[Result "1-0"]
[WhiteElo "2789"]
[BlackElo "2490"]
[TimeControl "180+1"]
[EndTime "11:16:55 PST"]
[Termination "Gabrielian_Artur won by resignation"]

1. c4 Nf6 2. Nc3 c6 3. Nf3 d5 4. e3 Bg4 5. h3 Bxf3 6. Qxf3 e6 7. d4 Bd6 8. Bd3 O-O 9. O-O Nbd7 10. e4 e5 11. exd5 exd4 12. Ne4 Ne5 13. Nxf6+ Qxf6 14. Qxf6 gxf6 15. Rd1 cxd5 16. cxd5 Rfd8 17. Be4 Bc5 18. Bh6 Bb6 19. a4 a5 20. Ra3 Bc5 21. Rg3+ Ng6 22. h4 f5 23. Bxf5 Rxd5 24. Be4 Re5 25. Bf3 Rae8 26.
Rf1 Re1 27. h5 Rxf1+ 28. Kxf1 Bb4 29. Be2 d3 30. Rxd3 Ne5 31. Rg3+ 1-0

[Event "*** Titled Tuesday Blitz"]
[Site "Chess.com"]
[Date "2021.02.02"]
[Round "7"]
[White "Murad_Ibrahimli"]
[Black "juancruzarias"]
[Result "0-1"]
[WhiteElo "2823"]
[BlackElo "2601"]
[TimeControl "180+1"]
[EndTime "11:16:56 PST"]
[Termination "juancruzarias won by resignation"]

1. Nf3 e6 2. d4 f5 3. g3 Nf6 4.
Bg2 d5 5. O-O Bd6 6. c4 c6 7.
Bf4 Bxf4 8. gxf4 O-O 9. e3 Nbd7 10. Nbd2 Qe7 11. b3 Ne4 12. Nxe4 fxe4 13. Ne5 Nxe5 14.
fxe5 Bd7 15. Qg4 Be8 16. f3 exf3 17. Rxf3 Rxf3 18. Qxf3 Bg6 19. Rf1 Be4 20. Qf4 Bxg2 21. Kxg2 Rf8 22. Qxf8+ Qxf8 23. Rxf8+ Kxf8 24. h4 Kf7 25. Kg3 dxc4 26. bxc4 b5 27. cxb5 cxb5 28. e4 a5 29. Kf3 g6 30. d5 h6 31. d6 Ke8 32.
Ke3 g5 33. hxg5 hxg5 34. Kd4 Kd7 35. Kc5 g4 0-1

[Event "*** Titled Tuesday Blitz"]
[Site "Chess.com"]
[Date "2021.02.02"]
[Round "7"]
[White "wnstop"]
[Black "Kretov_Evgenij"]
[Result "1-0"]
[WhiteElo "2747"]
[BlackElo "2556"]
[TimeControl "180+1"]
[EndTime "11:16:56 PST"]
[Termination "wnstop won by resignation"]

1. Nf3 c5 2. e3 Nf6 3. d4 e6 4. c4 cxd4 5. exd4 d5 6. Nc3 Be7 7. cxd5 Nxd5 8. Bc4 Nc6 9. O-O O-O 10. Re1 Nxc3 11. bxc3 b6 12. Bd3 Bb7 13. h4 h5 14.
Ng5 g6 15. Qc2 Qe8 16. d5 exd5 17. Ba3 Kg7 18. Bb5 Bxa3 19. Rxe8 Rfxe8 20. Qa4 Bb2 21. Rb1 Bxc3 22. Bxc6 Bxc6 23. Qxc6 Bf6 24. Qxd5 1-0

[Event "*** Titled Tuesday Blitz"]
[Site "Chess.com"]
[Date "2021.02.02"]
[Round "7"]
[White "yobdc"]
[Black "kidagent"]
[Result "1-0"]
[WhiteElo "2500"]
[BlackElo "2271"]
[TimeControl "180+1"]
[EndTime "11:17:06 PST"]
[Termination "yobdc won by resignation"]

1. e4 c5 2. Nf3 d6 3. c3 Nf6 4.
h3 Nc6 5. Bd3 e5 6. Bc2 Be7 7.
d4 Qc7 8. O-O O-O 9. Re1 Bd7 10.
d5 Nd8 11. a4 Ne8 12. Nbd2 g6 13. Nc4 Ng7 14. Nfxe5 dxe5 15. d6 Bxd6 16. Qxd6 Qxd6 17. Nxd6 Bc6 18. Be3 b6 19. a5 Nde6 20. axb6 axb6 21. Nc4 f6 22. Nxb6 Rab8 23. Nc4 Bb5 24. Bd3 Rfe8 25. b3 Red8 26. Bf1 Ne8 27. Ra7 Rd7 28. Rea1 Rbd8 29.
Rxd7 Rxd7 30. Nb6 1-0

[Event "*** Titled Tuesday Blitz"]
[Site "Chess.com"]
[Date "2021.02.02"]
[Round "7"]
[White "MatyChess1"]
[Black "JoliyRoger"]
[Result "1-0"]
[WhiteElo "2583"]
[BlackElo "2406"]
[TimeControl "180+1"]
[EndTime "11:17:13 PST"]
[Termination "MatyChess1 won by checkmate"]

1. e4 c6 2. Nf3 d5 3. Nc3 Nf6 4. e5 Ne4 5. Nxe4 dxe4 6. Ng5 Qd5 7. d4 exd3 8. Qxd3 Qxe5+ 9. Be2 Bf5 10. Qd8+ Kxd8 11.
Nxf7+ Ke8 12. Nxe5 Bxc2 13. O-O e6 14. Bf4 h6 15. Bh5+ g6 16. Nxg6 Bxg6 17. Bxg6+ Ke7 18. Rad1 Nd7 19. Rfe1 Nc5 20. Bc2 Rd8 21. b4 Rxd1 22.
Rxd1 Na6 23. a3 Bg7 24. Bd6+ Kf7 25. Bf4 Ke7 26. Be3 Nc7 27. Bc5+ Ke8 28. Bg6# 1-0

[Event "*** Titled Tuesday Blitz"]
[Site "Chess.com"]
[Date "2021.02.02"]
[Round "7"]
[White "beto-betun"]
[Black "northridgehawk"]
[Result "0-1"]
[WhiteElo "2187"]
[BlackElo "2316"]
[TimeControl "180+1"]
[EndTime "11:17:13 PST"]
[Termination "northridgehawk won by resignation"]

1. d4 f5 2. Nf3 Nf6 3. g3 g6 4. Bg2 Bg7 5. O-O O-O 6. c4 c6 7. Nc3 d6 8. Nd2 e5 9. d5 Na6 10. dxc6 bxc6 11. Bxc6 Rb8 12. Bg2 Nc5 13. b3 e4 14. Ba3 Ng4 15. Rc1 e3 16. fxe3 Nxe3 17. Qe1 Nxf1 18. Nxf1 Re8 19. Rd1 Qa5 20. Bb2 Be6 21.
Rxd6 Bxc4 22. Bd5+ Bxd5 23. Rxd5 Qb6 24. Kg2 Qc6 25.
Kg1 Rbd8 26. Rxd8 Rxd8 27. Ne3 Bd4 28. Nd5 Rxd5 29. Bxd4 Rxd4 30. Qc3 Qd6 31. Nc4 Rd1+ 32. Kf2 Qd4+ 0-1

[Event "*** Titled Tuesday Blitz"]
[Site "Chess.com"]
[Date "2021.02.02"]
[Round "7"]
[White "PavelChernomordik"]
[Black "sergeikim"]
[Result "1-0"]
[WhiteElo "2393"]
[BlackElo "2500"]
[TimeControl "180+1"]
[EndTime "11:17:16 PST"]
[Termination "PavelChernomordik won by checkmate"]

1. e4 e5 2. Nf3 Nc6 3. Bb5 a6 4. Ba4 Nf6 5. Qe2 b5 6. Bb3 Bc5 7. a4 b4 8. Bxf7+ Kf8 9. Ba2 d6 10. h3 Qe7 11. d3 Be6 12. Bxe6 Qxe6 13. Nbd2 Kg8 14. Nb3 Ba7 15. Be3 Bxe3 16. fxe3 Nh5 17. Qf2 Qg6 18. g4 Nf6 19. O-O-O Rf8 20. Qg3 Qe8 21.
Nh4 Ne7 22. a5 c5 23. Rhf1 Nd7 24. Nf5 Nxf5 25. exf5 h5 26. g5 h4 27. Qg4 Qh5 28. Qc4+ Kh7 29. Qe6 Qe8 30. Qxd6 e4 31. g6+ Kh6 32. Qf4+ Kh5 33. Qg4+ Kh6 34. Qxh4# 1-0

[Event "*** Titled Tuesday Blitz"]
[Site "Chess.com"]
[Date "2021.02.02"]
[Round "7"]
[White "MasterLeif"]
[Black "HElissalt"]
[Result "0-1"]
[WhiteElo "2416"]
[BlackElo "2271"]
[TimeControl "180+1"]
[EndTime "11:17:23 PST"]
[Termination "HElissalt won by checkmate"]

1. d4 d5 2. Bf4 Nf6 3. e3 e6 4.
Nd2 Bd6 5. Ngf3 O-O 6. Bd3 b6 7. O-O Bb7 8. Ne5 Ne4 9. c3 Nd7 10. f3 Nxd2 11. Qxd2 Nxe5 12. Bxe5 Bxe5 13. dxe5 f6 14.
exf6 Qxf6 15. Rae1 Rad8 16. Qc2 Qh6 17. e4 dxe4 18.
Bxe4 Rd2 19. Bxh7+ Kh8 20. Rxe6 Qg5 21. Qg6 Rxg2+ 22. Kh1 Rg1+ 23. Rxg1 Bxf3+ 24. Rg2 Bxg2+ 25. Kg1 Rf1# 0-1

[Event "*** Titled Tuesday Blitz"]
[Site "Chess.com"]
[Date "2021.02.02"]
[Round "7"]
[White "AsaHoffmann"]
[Black "verdest"]
[Result "1-0"]
[WhiteElo "2362"]
[BlackElo "2473"]
[TimeControl "180+1"]
[EndTime "11:17:24 PST"]
[Termination "AsaHoffmann won by resignation"]

1. d4 Nf6 2. Bg5 Ne4 3. Bf4 d5 4. f3 Nf6 5. e4 dxe4 6. Nc3 exf3 7. Nxf3 c6 8. Bc4 e6 9. Qe2 Be7 10. O-O-O O-O 11. g4 Nd5 12. Bd2 Nd7 13. h4 N7b6 14.
Bd3 Nb4 15. Be4 N6d5 16. Kb1 b6 17. Ng5 h6 18. Nh7 Re8 19. g5 g6 20. h5 Nxc3+ 21. Bxc3 Nd5 22. hxg6 Nxc3+ 23. bxc3 fxg6 24. Bxg6 Bd7 25. Bxe8 Bxe8 26. Rxh6 Qd5 27. Nf6+ Bxf6 28. gxf6 1-0

[Event "*** Titled Tuesday Blitz"]
[Site "Chess.com"]
[Date "2021.02.02"]
[Round "7"]
[White "Grimlock_Glasgow"]
[Black "lucachess49"]
[Result "0-1"]
[WhiteElo "2478"]
[BlackElo "2347"]
[TimeControl "180+1"]
[EndTime "11:17:27 PST"]
[Termination "lucachess49 won by resignation"]

1. e4 e5 2. Nf3 Nc6 3. Bc4 Nf6 4. d4 exd4 5. e5 d5 6. Bb5 Ne4 7. Nxd4 Bc5 8. Be3 O-O 9. Bxc6 bxc6 10. O-O Bxd4 11.
Qxd4 c5 12. Qa4 d4 13. Bf4 Bb7 14. f3 Ng5 15. Nd2 Ne6 16. Bg3 h5 17. h3 Qg5 18.
Be1 Nf4 19. g3 Ne2+ 20. Kh2 h4 21. f4 0-1

[Event "*** Titled Tuesday Blitz"]
[Site "Chess.com"]
[Date "2021.02.02"]
[Round "7"]
[White "Sippp"]
[Black "johnathan113"]
[Result "0-1"]
[WhiteElo "2766"]
[BlackElo "2601"]
[TimeControl "180+1"]
[EndTime "11:17:28 PST"]
[Termination "johnathan113 won by resignation"]

1. e4 c5 2. Nf3 g6 3. d4 cxd4 4.
Nxd4 Bg7 5. c4 Nc6 6. Be3 Nf6 7. Nc3 O-O 8. Be2 b6 9. O-O Bb7 10. f3 e6 11. Qd2 d5 12. cxd5 exd5 13. Nxc6 Bxc6 14.
e5 Ne8 15. f4 f6 16. e6 f5 17.
Rad1 Nc7 18. Bf3 Qd6 19. Nxd5 Nxd5 20. Bxd5 Rfe8 21. Bb3 Qe7 22. Qd6 Bb5 23. Qxe7 Rxe7 24. Rf2 Ba6 25. Rfd2 Rae8 26. Rd7 Bxb2 27. Rxe7 Rxe7 28.
Rd8+ Kg7 29. Bd2 Bf6 30. Bb4 Rc7 31. Bf8+ Kh8 32. e7 h5 33. e8=Q Kh7 34. Bd6 Bd4+ 35. Kh1 Rc1+ 0-1

[Event "*** Titled Tuesday Blitz"]
[Site "Chess.com"]
[Date "2021.02.02"]
[Round "7"]
[White "ljuks68"]
[Black "KRSilva"]
[Result "1-0"]
[WhiteElo "2379"]
[BlackElo "2217"]
[TimeControl "180+1"]
[EndTime "11:17:28 PST"]
[Termination "ljuks68 won by resignation"]

1. e4 g6 2. d4 Bg7 3. Nc3 d6 4. f4 Nd7 5. Nf3 c5 6. Be3 cxd4 7. Bxd4 Ngf6 8. e5 dxe5 9. fxe5 Nh5 10. e6 fxe6 11.
Bxg7 Nxg7 12. Bc4 Qc7 13. Qe2 Nb6 14. Bb3 Bd7 15. O-O-O O-O-O 16. Kb1 h6 17. Nd4 e5 18. Ndb5 Qb8 19. Qf2 Bc6 20. Qf7 Rh7 21. Qxe7 Re8 22.
Nd6+ 1-0

[Event "*** Titled Tuesday Blitz"]
[Site "Chess.com"]
[Date "2021.02.02"]
[Round "7"]
[White "Kiborg95"]
[Black "ozates"]
[Result "0-1"]
[WhiteElo "2643"]
[BlackElo "2500"]
[TimeControl "180+1"]
[EndTime "11:17:30 PST"]
[Termination "ozates won by resignation"]

1. e4 c5 2. Nc3 Nc6 3. Nge2 d6 4. d4 cxd4 5. Nxd4 e5 6. Nf5 Nf6 7. g3 Bxf5 8. exf5 d5 9. Bg2 e4 10. O-O h6 11. Qe2 Bc5 12. Rd1 Nd4 13. Qd2 Ng4 14. Rf1 Ne5 15. Kh1 Nef3 16. Qd1 h5 17.
h3 Qd7 18. Bxf3 exf3 19. Qd3 O-O-O 20. Be3 Nxf5 21. Bxc5 Nxg3+ 22. Kh2 Nxf1+ 0-1

[Event "*** Titled Tuesday Blitz"]
[Site "Chess.com"]
[Date "2021.02.02"]
[Round "7"]
[White "BikingBrian"]
[Black "manmanlai1"]
[Result "0-1"]
[WhiteElo "2322"]
[BlackElo "2475"]
[TimeControl "180+1"]
[EndTime "11:17:35 PST"]
[Termination "manmanlai1 won by resignation"]

1. d4 e6 2. e4 d5 3. Nd2 dxe4 4. Nxe4 Be7 5. Bd3 Nf6 6. Qe2 Nbd7 7. Nf3 b6 8. Ng3 Bb7 9. O-O O-O 10. c3 c5 11.
Be3 Qc7 12. Rac1 Rac8 13. Rfd1 Rfd8 14. Bb1 Qb8 15. Ne5 Nxe5 16. dxe5 Qxe5 17. Qc2 g6 18. h4 Rxd1+ 19. Rxd1 Rd8 20. Rxd8+ Bxd8 21. Qd2 Qd5 22. Qxd5 Nxd5 23. Be4 Ba6 24. Bg5 f6 25. Bd2 Kf7 26. h5 f5 27. hxg6+ hxg6 28. Bc2 Bc7 29. Nf1 Bc4 30. b3 Ba6 31. Ne3 Bb7 32. c4 Nf6 33. Kf1 e5 34. Bd1 Ke6 35. g4 f4 36. Ng2 g5 37. f3 e4 38. fxe4 Bxe4 39. Bc3 Be5 40. Bxe5 Kxe5 41. Ne1 Kd4 42. Kf2 a5 43. Bc2 Nxg4+ 44. Ke2 Nf6 45. Bxe4 Nxe4 46. Nf3+ Kc3 47. Nxg5 Nxg5 0-1

[Event "*** Titled Tuesday Blitz"]
[Site "Chess.com"]
[Date "2021.02.02"]
[Round "7"]
[White "politeplayer"]
[Black "jens1102"]
[Result "0-1"]
[WhiteElo "2192"]
[BlackElo "2411"]
[TimeControl "180+1"]
[EndTime "11:17:35 PST"]
[Termination "jens1102 won on time"]

1. e4 e5 2. Nf3 Nc6 3. d4 exd4 4. Bc4 Bc5 5. c3 Nf6 6. e5 d5 7. Bb5 Ne4 8. cxd4 Bb4+ 9. Nbd2 O-O 10. Bxc6 bxc6 11.
O-O f5 12. exf6 Nxf6 13. Ne5 Bd6 14. Ndf3 Ne4 15. Nxc6 Qe8 16. Nce5 Qh5 17. Qb3 c6 18. Re1 Bg4 19. Rxe4 Bxf3 20. gxf3 Rab8 21. Qe3 dxe4 22. Qxe4 Bxe5 23. dxe5 Qxf3 24. Qxf3 Rxf3 25. b3 Rb5 26. Bb2 Rc5 27. Bd4 Rd5 28. Bxa7 Rxe5 29. b4 Kf7 0-1

[Event "*** Titled Tuesday Blitz"]
[Site "Chess.com"]
[Date "2021.02.02"]
[Round "7"]
[White "AttilaTurzo"]
[Black "Susik_Gaboyan"]
[Result "1-0"]
[WhiteElo "2547"]
[BlackElo "2317"]
[TimeControl "180+1"]
[EndTime "11:17:36 PST"]
[Termination "AttilaTurzo won on time"]

1. d4 Nf6 2. Nf3 g6 3. Bg5 Bg7 4. c3 d5 5. Nbd2 O-O 6. e3 c5 7. Be2 Nc6 8. O-O Qb6 9. Qb3 c4 10. Qa3 Bg4 11. h3 Bxf3 12. Bxf3 e6 13. b3 cxb3 14.
axb3 Rfc8 15. c4 Qb4 16. Qxb4 Nxb4 17. Ra4 a5 18. Rfa1 b6 19. Bf4 Nd7 20. Rd1 Nd3 21.
cxd5 Nb2 22. dxe6 fxe6 23. Bxa8 Rxa8 24. Rc1 Nxa4 25. bxa4 e5 26. dxe5 Nxe5 27. Rb1 Nc4 28. Nxc4 1-0

[Event "*** Titled Tuesday Blitz"]
[Site "Chess.com"]
[Date "2021.02.02"]
[Round "7"]
[White "Coiote53"]
[Black "doons21"]
[Result "0-1"]
[WhiteElo "2369"]
[BlackElo "2557"]
[TimeControl "180+1"]
[EndTime "11:17:37 PST"]
[Termination "doons21 won by resignation"]

1. e4 e6 2. d4 d5 3. Nc3 Bb4 4. e5 Ne7 5. a3 Bxc3+ 6. bxc3 c5 7. Qg4 Kf8 8. Qd1 Qa5 9. Bd2 Qa4 10. Qb1 c4 11. Qb4 Qxc2 12. Nf3 Nc6 13. Qb1 Qxb1+ 14. Rxb1 b6 15. Be2 f6 16. a4 Bd7 17. Bd1 fxe5 18. Nxe5 Nxe5 19. dxe5 Nc6 20. f4 Be8 21. Bc2 Bg6 22. Bxg6 hxg6 23. O-O Na5 24. Be3 Ke7 25. Rb5 Kd7 26. h3 Kc6 27. g4 Rxh3 28. Bd4 Rah8 29. f5 gxf5 30. gxf5 Rh1+ 31. Kg2 R8h2+ 32. Kg3 0-1

[Event "*** Titled Tuesday Blitz"]
[Site "Chess.com"]
[Date "2021.02.02"]
[Round "7"]
[White "Vyacheslav_N"]
[Black "chescomhuynya"]
[Result "0-1"]
[WhiteElo "2378"]
[BlackElo "2516"]
[TimeControl "180+1"]
[EndTime "11:17:37 PST"]
[Termination "chescomhuynya won by resignation"]

1. e4 c5 2. Nf3 d6 3. b4 cxb4 4. a3 bxa3 5. d4 d5 6. e5 Nc6 7. Nxa3 Bg4 8. Be2 e6 9. O-O Nge7 10. c3 Nf5 11. Bg5 Be7 12. Bxe7 Qxe7 13. Nb5 O-O 14. h3 Bxf3 15. Bxf3 a6 16. g4 Nh4 17. Nd6 f6 18.
Bh1 fxe5 19. dxe5 Nxe5 20. Bxd5 exd5 21. Qxd5+ Kh8 22. f4 Nc6 23. Rae1 Qd7 24. c4 Rad8 25. c5 b6 26. Qg5 bxc5 27. Nc4 Qd4+ 28. Ne3 Rde8 29.
f5 h6 30. Qxh4 Rxe3 31. Kg2 Rfe8 32. Rxe3 Rxe3 33. f6 Re2+ 34. Kg3 Qe5+ 35. Rf4 Qe3+ 36. Rf3 Qe5+ 37. Rf4 Re3+ 38. Kg2 Qxf4 39. fxg7+ Kxg7 40. Qf2 Qe4+ 41. Kh2 Re2 0-1

[Event "*** Titled Tuesday Blitz"]
[Site "Chess.com"]
[Date "2021.02.02"]
[Round "7"]
[White "IMRosen"]
[Black "Pantata007"]
[Result "1-0"]
[WhiteElo "2541"]
[BlackElo "2230"]
[TimeControl "180+1"]
[EndTime "11:17:38 PST"]
[Termination "IMRosen won on time"]

1. e4 e5 2. Nf3 Nc6 3. Bb5 a6 4. Ba4 Nf6 5. O-O Be7 6. Re1 b5 7. Bb3 O-O 8. d4 d6 9. c3 Bg4 10. Be3 exd4 11. cxd4 Na5 12. Nbd2 Nxb3 13. axb3 c5 14.
h3 Bh5 15. g4 Bg6 16. Nh4 Bxe4 17. g5 Bb7 18. gxf6 Bxf6 19. Nf5 Qd7 20. Qg4 Qc6 21.
Kh2 g6 22. Rg1 Kh8 23. Bg5 Bxg5 24. Qxg5 f6 25. Qh6 Rf7 26. Rxg6 cxd4 27. Rg7 1-0

[Event "*** Titled Tuesday Blitz"]
[Site "Chess.com"]
[Date "2021.02.02"]
[Round "7"]
[White "Lady_Nika"]
[Black "m_ezat"]
[Result "0-1"]
[WhiteElo "2389"]
[BlackElo "2542"]
[TimeControl "180+1"]
[EndTime "11:17:40 PST"]
[Termination "m_ezat won by resignation"]

1. d4 Nf6 2. e3 g6 3. f4 Bg7 4.
Nf3 O-O 5. Bd3 d6 6. O-O Nc6 7. Nbd2 e5 8. c3 Ng4 9. Nc4 Re8 10. d5 Ne7 11. e4 exf4 12. Bxf4 b5 13. Ncd2 f5 14. Ng5 a6 15. exf5 gxf5 16. Ne6 Bxe6 17.
dxe6 Rf8 18. Bxf5 Nxf5 19. Qxg4 Qf6 20. Rae1 Rae8 21. Bg5 Qg6 22. e7 Nxe7 23. Rxf8+ Bxf8 24. Qf4 Nd5 25. Qh4 Rxe1+ 26. Qxe1 Qxg5 27. Qe6+ Kg7 28. Ne4 Qe3+ 29. Kf1 Qe2+ 30. Kxe2 Nf4+ 31. Kf3 0-1

[Event "*** Titled Tuesday Blitz"]
[Site "Chess.com"]
[Date "2021.02.02"]
[Round "7"]
[White "Frolyanov_D"]
[Black "GigaQuparadze"]
[Result "1-0"]
[WhiteElo "2623"]
[BlackElo "2962"]
[TimeControl "180+1"]
[EndTime "11:17:41 PST"]
[Termination "Frolyanov_D won by checkmate"]

1. d4 Nf6 2. c4 e6 3. Nc3 Bb4 4.
e3 b6 5. Bd2 Bb7 6. Nf3 O-O 7.
Bd3 Bxc3 8. Bxc3 d6 9. Qc2 Nbd7 10. O-O Re8 11. Nd2 e5 12. Rfe1 Qe7 13. h3 exd4 14.
exd4 Qxe1+ 15. Rxe1 Rxe1+ 16. Kh2 Rae8 17. Nf3 R1e7 18.
d5 Ne5 19. Nd4 Nxd3 20. Qxd3 Re4 21. Nf5 Nh5 22. Qf3 Nf4 23. Nxg7 R8e7 24. Nf5 Re8 25. g3 Bc8 26. Nh6+ Kf8 27. gxf4 Rxc4 28. Qg3 Re7 29. Qg8# 1-0

[Event "*** Titled Tuesday Blitz"]
[Site "Chess.com"]
[Date "2021.02.02"]
[Round "7"]
[White "Vaathi_Coming"]
[Black "SirStrateg"]
[Result "1-0"]
[WhiteElo "2838"]
[BlackElo "2665"]
[TimeControl "180+1"]
[EndTime "11:17:43 PST"]
[Termination "Vaathi_Coming won by resignation"]

1. Nf3 Nf6 2. b3 d5 3. Bb2 Bf5 4. e3 e6 5. Be2 h6 6. O-O Nbd7 7. c4 c6 8. d4 Bd6 9. Ne5 O-O 10. Nd2 Ne4 11. f4 Nxd2 12. Qxd2 Nxe5 13. fxe5 Be7 14. Rf2 Bh4 15. g3 Bg5 16. h4 Be7 17. Raf1 a6 18. Rxf5 exf5 19. Rxf5 b5 20. cxd5 Qxd5 21. Bf3 Qe6 22. Be4 Rad8 23. Qc2 c5 24. Rf2 cxd4 25.
exd4 Qg4 26. Kh2 Qc8 27. Qd3 Kh8 28. d5 Qg4 29. Bf5 Qh5 30. d6 Bg5 31. Qd4 Rfe8 32. Bg4 Qg6 33. hxg5 Qxg5 34. Rxf7 1-0